Map: Chantier naval orbital

Players

Skyloveyou - Winner!

  • Race: Zerg Zerg
  • League: Silver
  • Spawn Location: 7:00

zidar

  • Race: Zerg Zerg
  • League: Silver
  • Spawn Location: 1:00

VOD

Have the link to the VOD?

Description

Time

  • Played on: Nov. 27, 2015, 9:43 a.m.
  • Length: 6:04
Show
View Real Time Build Order
Export as new Build Order

Skyloveyou Zerg - Winner!

Build Orders: Pool First 

Get SALT Encoding   

  12  0:01  Drone  
  13  0:13  Overlord  
  13  0:18  Drone  
  14  0:31  Drone x2  
  14  0:35  Drone  
  17  0:47  Spawning Pool  
  16  0:50  Extractor  
  16  0:52  Drone  
  16  1:00  Drone  
  17  1:07  Drone  
  18  1:17  Overlord  
  18  1:29  Drone  
  19  1:38  Spine Crawler  
  19  1:39  Queen  
  18  1:41  Spine Crawler  
  18  1:44  Drone  
  20  1:53  Metabolic Boost  
  20  2:03  Overlord  
  19  2:20  Zergling x4  
  21  2:38  Hatchery  
  21  2:43  Zergling x4  
  22  2:58  Baneling Nest  
  22  2:59  Zergling x2  
  22  3:00  Zergling x6  
  25  3:09  Overlord  
  25  3:42  Baneling x2  
  25  3:52  Queen  
  25  3:54  Drone  
  28  4:00  Zergling x12  
  33  4:06  Baneling x2  
  33  4:15  Baneling  
  33  4:26  Drone x2  
  33  4:27  Drone  
  33  4:59  Zergling x10  
  40  5:00  Zergling x12  
  43  5:13  Baneling x2  
  42  5:15  Baneling x2  
  42  5:20  Drone  
  43  5:21  Overlord  
  43  5:22  Overlord x2  
Show
View Real Time Build Order
Export as new Build Order

zidar Zerg 

Build Orders: 1 Base Baneling Bust, Pool Only 

Get SALT Encoding   

  12  0:01  Drone  
  13  0:13  Overlord  
  13  0:17  Drone  
  14  0:35  Spawning Pool  
  14  0:39  Drone  
  14  0:45  Extractor  
  14  0:46  Drone  
  14  0:48  Drone  
  15  0:55  Drone  
  16  1:05  Overlord  
  16  1:12  Drone  
  17  1:35  Queen  
  17  1:39  Zergling x2  
  21  1:40  Zergling x2  
  21  2:04  Metabolic Boost  
  21  2:10  Zergling x6  
  24  2:25  Zergling x2  
  25  2:35  Zergling x2  
  26  2:43  Zergling x2  
  27  3:02  Zergling x6  
  30  3:20  Overlord  
  30  3:21  Overlord x2  
  30  3:36  Baneling Nest  
  29  3:46  Zergling x6  
  31  4:20  Zergling x2  
  31  4:21  Zergling x4  
  34  4:27  Baneling x2  
  34  4:28  Baneling x2  
  34  4:29  Baneling x2  
  27  5:15  Zergling x10  
  27  5:21  Baneling x2  
Tags
 
Add a new tag
Caveats
  • Supply blocks, unpowered buildings, or Contaminate may cause inaccurate times.
  • Supply counts are checked every 10 seconds.